 Dungeon Crawl Stone Soup version 0.30-a0-339-g89bb51ec76 (webtiles) character file.

Game seed: 12370277311430515226

142 koil the Trooper (level 5, -6/55 HPs)
             Began as an Ogre Cinder Acolyte on Oct 31, 2022.
             Was a High Priest of Ignis.
             Killed by divine providence
             ... invoked by an orc priest
              (14 damage)
             ... on level 3 of the Dungeon.
             The game lasted 00:03:16 (1760 turns).

koil the Trooper (Ogre Cinder Acolyte)              Turns: 1760, Time: 00:03:16

Health: -6/55      AC:  3    Str: 18    XL:     5   Next: 25%
Magic:  8/8        EV:  9    Int: 17    God:    Ignis [*****.]
Gold:   130        SH:  0    Dex:  4    Spells: 7/9 levels left

rFire   + . .      SeeInvis .    a - -1 hand axe (flame)
rCold   . . .      Faith    .    (no shield)
rNeg    . . .      Spirit   .    b - +0 robe
rPois   .          Reflect  .    (helmet restricted)
rElec   .          Harm     .    (no cloak)
rCorr   .          Rampage  .    (gloves unavailable)
Will    .....                    (boots unavailable)
Stlth   +.........               (no amulet)
HPRegen 0.29/turn                (no ring)
MPRegen 0.11/turn                (no ring)

@: no status effects
A: large, unfitting armour, tough skin 1
a: Renounce Religion, Fiery Armour, Foxfire Swarm, Rising Flame


You were on level 3 of the Dungeon.
You worshipped Ignis.
Ignis was extremely pleased with you.
You visited 1 branch of the dungeon, and saw 3 of its levels.

You collected 130 gold pieces.

Inventory:

Hand Weapons
 a - a -1 hand axe of flaming (weapon)
Missiles
 n - a throwing net
Armour
 b - a +0 robe (worn)
Magical Staves
 p - a staff of air
Scrolls
 c - 3 scrolls of enchant weapon {unknown}
 d - 6 scrolls of teleportation {unknown}
 e - 2 scrolls of enchant armour {unknown}
 g - a scroll of identify {unknown}
 k - 2 scrolls of noise {unknown}
 m - a scroll of blinking {unknown}
 o - a scroll of silence {unknown}
 q - a scroll of fear {unknown}
 r - a scroll of immolation {unknown}
Potions
 f - 3 potions of might {unknown}
 h - a potion of mutation {unknown}
 i - 2 potions of curing {unknown}
 j - a potion of haste {unknown}
 l - a potion of invisibility {unknown}


   Skills:
 + Level 4.9 Fighting
 + Level 3.7 Axes
 + Level 1.5 Dodging
 + Level 2.5 Spellcasting
 + Level 3.3 Fire Magic


You had 7 spell levels left.
You knew the following spells:

 Your Spells              Type           Power      Damage    Failure   Level
a - Scorch                Fire           26%        2d6       7%          2

Your spell library contained the following spells:

 Spells                   Type           Power      Damage    Failure   Level


Dungeon Overview and Level Annotations

Branches:
Dungeon (3/15)

Altars:
Uskayaw


Innate Abilities, Weirdness & Mutations

You are too large for most types of armour.
You have tough skin. (AC +1)


Message History

The orc closely misses you.
You hit the orc but do no damage.
The orc priest invokes the aid of Beogh against you.
Beogh smites you! The orc closely misses you.
You hit the orc. You burn the orc.
The orc is severely wounded.
The orc barely misses you.
You hit the orc. You burn the orc.
You kill the orc!
You barely miss the orc.
The orc is lightly wounded.
The orc barely misses you.
The orc priest casts a cantrip, but nothing happens.
You barely miss the orc.
The orc is lightly wounded.
The orc hits you with a +0 whip.
The orc priest calls upon Beogh to heal the orc.
The orc's wounds heal themselves!
You closely miss the orc. The orc hits you with a +0 whip.
You barely miss the orc. The orc hits you with a +0 whip.
You closely miss the orc. The orc misses you.
You barely miss the orc. The orc hits you but does no damage.
The orc closely misses you.
You closely miss the orc. The orc hits you with a +0 whip.
You slash the orc! You burn the orc.
You kill the orc!
You closely miss the orc. The orc completely misses you.
You slash the orc! You burn the orc.
You kill the orc!
The orc priest calls down the wrath of Beogh upon you.
Beogh smites you!
You hit the orc but do no damage. The orc hits you with a +0 hand axe!
The orc priest mumbles some strange prayers to Beogh against you.
Beogh smites you!
* * * LOW HITPOINT WARNING * * *
You hit the orc. You burn the orc.
You kill the orc!
The orc priest calls down the wrath of Beogh upon you.
Beogh smites you!
You die...

### ..# ......#
#.# ### ......#
#... ..# .......
### #.# .......
#.# .......
#.#### ......#
#....##o.....#
#....@)......#
####
#....####.####
...#########.#>##
##...........#.#
#..#######....#
#..# #..### #..#
#..#
##..#######..#
.............#


You could see an orc priest.

Vanquished Creatures
  A hound (D:3)
  4 gnolls (D:3)
  A worm (D:2)
  2 dart slugs
  4 orcs (D:3)
  10 ball pythons
  6 endoplasms
  2 giant cockroaches (D:1)
  3 goblins
  4 hobgoblins (D:1)
  2 jackals (D:1)
  2 kobolds
  4 quokkas
  8 bats
  A frilled lizard (D:2)
  8 rats
62 creatures vanquished.

Notes
Turn   | Place    | Note
-------+----------+-------------------------------------------
     0 | D:1      | koil the Ogre Cinder Acolyte began the quest for the Orb.
     0 | D:1      | Reached XP level 1. HP: 24/24 MP: 2/2
   144 | D:1      | Reached XP level 2. HP: 32/32 MP: 4/4
   198 | D:1      | Learned a level 2 spell: Scorch
   393 | D:1      | Reached XP level 3. HP: 40/40 MP: 5/5
   697 | D:2      | Found a hide-covered altar of Uskayaw.
   767 | D:2      | Reached skill level 1 in Dodging
  1235 | D:3      | Reached XP level 4. HP: 49/49 MP: 7/7
  1683 | D:3      | Reached XP level 5. HP: 46/55 MP: 8/8
  1760 | D:3      | Killed from afar by an orc priest

Illustrated notes

Levels and vault maps discovered:
D:1:      mrwooster_arrival_statue_2, layout_rooms
D:2:      layout_rooms, basic_altar, minmay_tree_intersection,
          minmay_misc_feat_x
D:3:      layout_loops_ring, fedhas_altar_4

Skill      XL: |  1  2  3 |
---------------+----------+-----
Fire Magic     | 3 |  3.3
Dodging        | 1 |  1.5
Spellcasting   | 2 |  2.5
Fighting       | |  4.9
Axes           | |  3.7

Action                   |  1- 3 |  4- 6 || total
-------------------------+-------+-------++-------
Melee: Hand axe          |   118 |    51 ||   169
 Cast: Scorch            |     2 |     3 ||     5
Armor: Robe              |    32 |    13 ||    45
Dodge: Dodged            |    51 |    21 ||    72

Table legend: (Time is in decaauts)
 A = Elapsed time spent in this place.
 B = Non-inter-level travel time spent in this place.
 C = Inter-level travel time spent in this place.
 D = Time resting spent in this place.
 E = Time spent auto-exploring this place.
 F = Levels seen in this place.
 G = Mean time per level.
                   A        B        C        D        E       F      G
               +--------+--------+--------+--------+--------+-----+--------+
         Total |   1782 |   1768 |     14 |    127 |   1274 |   3 |  594.0 |
       Dungeon |   1782 |   1768 |     14 |    127 |   1274 |   3 |  594.0 |
               +--------+--------+--------+--------+--------+-----+--------+

Top non-repeatable levels by time:
     D:1: 707 daAuts
     D:3: 540 daAuts
     D:2: 535 daAuts
